 Dungeon Crawl Stone Soup version 0.26.0-18-gc5c842f807 (webtiles) character file.

Game seed: 3262140236851454013

86 iamoutofideas the Chiller (level 4, 30/30 HPs)
             Began as a Demonspawn Ice Elementalist on Jan 23, 2021.
             Quit the game on level 2 of the Dungeon.
             The game lasted 00:01:32 (2557 turns).

iamoutofideas the Chiller (DsIE)                    Turns: 2557, Time: 00:01:32

Health: 30/30      AC:  2    Str:  8    XL:     4   Next: 26%
Magic:  8/8        EV: 12    Int: 17    God:
Gold:   84         SH:  0    Dex: 14    Spells: 8/9 levels left

rFire    . . .     SeeInvis .   (no weapon)
rCold    . . .     Faith    .   (no shield)
rNeg     . . .     Spirit   .   a - +0 robe
rPois    .         Reflect  .   (no helmet)
rElec    .         Harm     .   (no cloak)
rCorr    .         Rampage  .   (no gloves)
Will     .....                  (no boots)
Stlth    ++........             (no amulet)
HPRegen  0.10/turn              (no ring)
MPRegen  0.11/turn              (no ring)

@: no status effects
A: claws 1, demonic guardian 1, sturdy frame 1
a: no special abilities


You were on level 2 of the Dungeon.
You visited 1 branch of the dungeon, and saw 2 of its levels.

You collected 84 gold pieces.

Inventory:

Armour
 a - a +0 robe (worn)
Jewellery
 h - an uncursed amulet of guardian spirit {unknown}
Scrolls
 b - 3 scrolls of identify {unknown}
 c - a scroll of teleportation {unknown}
 d - a scroll of enchant armour {unknown}
 e - a scroll of remove curse {unknown}
Potions
 f - 2 potions of curing {unknown}
 g - a potion of invisibility {unknown}


   Skills:
 - Level 1.8 Dodging
 - Level 1.8 Stealth
 + Level 3.2 Spellcasting
 + Level 4.5 Ice Magic


You had 8 spell levels left.
You knew the following spells:

 Your Spells              Type           Power        Failure   Level
a - Freeze                Ice            72%          2%          1

Your spell library contained the following spells:

 Spells                   Type           Power        Failure   Level
 Frozen Ramparts          Ice            36%          8%          3
 Ozocubu's Armour         Ice            18%          8%          3
 Hailstorm                Conj/Ice       10%          54%         4
 Summon Ice Beast         Ice/Summ       10%          54%         4


Dungeon Overview and Level Annotations

Branches:
Dungeon (2/15)

Altars:
Nemelex Xobeh
Uskayaw


Innate Abilities, Weirdness & Mutations

You have sharp fingernails.
A weak demonic guardian rushes to your aid.
Your movements are slightly less encumbered by armour. (ER -2)


Message History

Unknown command.
Casting: Freeze (safe; 2% risk of failure)
Confirm with . or Enter, or press ? or * to list all spells.
Aiming: Freeze (safe; 2% risk of failure)
Press: ? - help, Shift-Dir - straight line, f/p - ooze
Aim: an ooze (severely wounded)
You freeze the ooze.
The ooze is almost dead.
The ooze hits you.
Casting: Freeze (safe; 2% risk of failure)
Confirm with . or Enter, or press ? or * to list all spells.
Aiming: Freeze (safe; 2% risk of failure)
Press: ? - help, Shift-Dir - straight line, f/p - ooze
Aim: an ooze (almost dead)
You freeze the ooze!
You kill the ooze!
A goblin comes into view.
A goblin is nearby!
Unknown command.
Are you sure you want to abandon this character and quit the game? (Confirm with "yes".)

. #.#
####.#
#....#
#.#### #.#
#.# #.#
###.####.#
....g..@.#
###.######


You could see a goblin.

Vanquished Creatures
  3 adders (D:2)
  2 oozes
  A worm (D:2)
  2 dart slugs (D:2)
  7 bats
  2 goblins (D:1)
  6 hobgoblins
  2 jackals (D:1)
  4 kobolds (D:1)
  3 quokkas (D:2)
  4 frilled lizards (D:1)
  6 rats
42 creatures vanquished.

Notes
Turn   | Place    | Note
-------+----------+-------------------------------------------
     0 | D:1      | iamoutofideas the Demonspawn Ice Elementalist began the
                  | quest for the Orb.
     0 | D:1      | Reached XP level 1. HP: 13/13 MP: 3/3
   287 | D:1      | Gained mutation: You have sharp fingernails. [demonic
                  | ancestry]
   287 | D:1      | Reached XP level 2. HP: 18/19 MP: 5/5
   447 | D:1      | Reached skill level 4 in Ice Magic
  1310 | D:1      | Gained mutation: Your movements are slightly less
                  | encumbered by armour. (ER -2) [demonic ancestry]
  1310 | D:1      | Reached XP level 3. HP: 20/24 MP: 3/6
  1664 | D:2      | HP: 1/24 [worm (3)]
  2191 | D:2      | Found a hide-covered altar of Uskayaw.
  2195 | D:2      | Found a sparkling altar of Nemelex Xobeh.
  2200 | D:2      | Gained mutation: A weak demonic guardian rushes to your
                  | aid. [demonic ancestry]
  2200 | D:2      | Reached XP level 4. HP: 30/30 MP: 5/8
  2557 | D:2      | Quit the game

Illustrated notes

Levels and vault maps discovered:
D:1:      erik_arrival_cave_to_civilisation [erik_arrival_cave_to_hall],
          layout_basic
D:2:      layout_loops_cross, lemuel_round_altar, grunt_temple_overflow_open

Skill      XL: |  1  2  3 |
---------------+----------+-----
Ice Magic      | 4 |  4.5
Spellcasting   | 3 |  3.2
Dodging        | |  1.8
Stealth        | |  1.8

Action                   |  1- 3 |  4- 6 || total
-------------------------+-------+-------++-------
Melee: Unarmed           |    46 |     6 ||    52
 Cast: Freeze            |    50 |     7 ||    57
  Use: Potion            |     1 |       ||     1
 Stab: Sleeping          |     2 |     1 ||     3
Armor: Robe              |    17 |       ||    17
Dodge: Dodged            |    60 |     5 ||    65
